 Dungeon Crawl Stone Soup version 0.17.1-3-g152610e (webtiles) character file.

216 manyhoops the Magician (level 5, -9/28 HPs)
             Began as a Deep Elf Ice Elementalist on Apr 13, 2016.
             Killed by divine providence
             ... invoked by an orc priest
              (12 damage)
             ... on level 3 of the Dungeon.
             The game lasted 00:11:29 (3228 turns).

manyhoops the Magician (Deep Elf Ice Elementalist)  Turns: 3228, Time: 00:11:29

Health: -9/28      AC:  2    Str:  5    XL:     5   Next: 61%
Magic:  3/15       EV: 13    Int: 21    God:
Gold:   84         SH:  0    Dex: 15    Spells: 4 memorised, 5 levels left

rFire  . . .     SeeInvis .     q - +0 spear (venom)
rCold  + . .     Clarity  .     a - +0 robe
rNeg   . . .     SustAt   .     (no shield)
rPois  .         Gourm    .     (no helmet)
rElec  .         Spirit   .     (no cloak)
rCorr  .         Warding  .     (no gloves)
rMut   .         Stasis   .     (no boots)
MR     +....                    (no amulet)
Stlth  ++........               l - ring of protection from magic
                                d - ring of protection from cold

@: somewhat resistant to hostile enchantments, unstealthy
A: no striking features
a: no special abilities


You were on level 3 of the Dungeon.
You were not hungry.

You visited 1 branch of the dungeon, and saw 3 of its levels.

You collected 84 gold pieces.

Inventory:

Hand Weapons
 q - a +0 spear of venom (weapon)
Armour
 a - a +0 robe (worn)
Jewellery
 d - a ring of protection from cold (left hand)
 l - a ring of protection from magic (right hand)
Wands
 p - a wand of random effects (37)
 w - a wand of flame (8)
Scrolls
 e - a scroll of fog {unknown}
 f - a scroll of enchant weapon {unknown}
 g - 6 scrolls of remove curse
 j - a scroll of teleportation
 m - a scroll of immolation {unknown}
 r - 3 scrolls of recharging {unknown}
 v - a scroll of amnesia {unknown}
 x - a scroll of blinking {unknown}
Potions
 h - 2 potions of cancellation
 k - 2 potions of curing {unknown}
 n - 2 potions of agility {unknown}
 o - a potion of ambrosia {unknown}
 s - 2 potions of brilliance {unknown}
 t - a potion of haste {unknown}
Books
 b - a book of Frost

   Spells                             Type                      Level
   a - Freeze                         Ice                          1
   b - Throw Frost                    Conjuration/Ice              2
   c - Ozocubu's Armour               Charms/Ice                   3
   d - Throw Icicle                   Conjuration/Ice              4
   e - Summon Ice Beast               Ice/Summoning                4
   f - Condensation Shield            Ice                          4
Comestibles
 c - a bread ration
 i - a royal jelly


   Skills:
 - Level 2.4 Dodging
 + Level 3.2 Stealth
 + Level 5.5 Spellcasting
 + Level 2.1 Conjurations
 + Level 0.4 Charms
 + Level 5.0 Ice Magic
 + Level 0.2 Evocations


You had 5 spell levels left.
You knew the following spells:

 Your Spells              Type           Power        Failure   Level  Hunger
a - Freeze                Ice            ####         1%          1    None
b - Throw Frost           Conj/Ice       ###...       4%          2    None
c - Ozocubu's Armour      Chrm/Ice       ###.....     12%         3    ##.....
d - Condensation Shield   Ice            ####......   17%         4    ####...


Dungeon Overview and Level Annotations

Branches:
Dungeon (3/15)

Altars:
Dithmenos
Elyvilon
Fedhas
Xom

Annotations:
D:3 exclusion: oklob plant


Message History

An orc priest comes into view. It is wielding a club.
The orc priest shouts!
The orc priest invokes the aid of Beogh against you.
You resist with some effort.
You completely miss the orc.
The orc is heavily wounded.
The orc barely misses you.
The orc priest shouts!
The orc shouts!
The orc priest calls down the wrath of Beogh upon you.
Something smites you!
The orc priest mumbles some strange prayers to Beogh against you.
Something smites you!
Ouch! That really hurt!
* * * LOW HITPOINT WARNING * * *
The orc priest calls upon Beogh to heal the orc.
The orc's wounds heal themselves!
The orc priest invokes the aid of Beogh against you.
Something smites you!
You die...

.#....#.####.#........).#####.###
...........(..................# #
.(....#.####.#########..#####.# #
#####.#.# #................#.# #
........# ##......###........# #
#####.### #......# #.....<..###
#.# #.).)..###........... #.#
#............#....### #.#
#...@....(........# #####.####
#...........#####.# .........#
####o...).........#
.........#######.o......#######
...............#........#
...[...........#........#
...............#........#
.#.....#)......#oo......#
##(....#.......#o.......#


You could see an orc priest and 3 orcs.

Vanquished Creatures
  Jessica (D:3)
  An orc wizard (D:3)
  3 gnolls (D:3)
  5 adders
  4 worms
  2 giant geckos
  3 orcs (D:3)
  3 ball pythons
  11 bats
  A giant cockroach (D:3)
  12 hobgoblins
  8 kobolds
  2 quokkas (D:2)
  7 giant newts
  5 goblins
  6 jackals
  5 rats
  A fungus (D:3)
80 creatures vanquished.

Vanquished Creatures (others)
  9 toadstools (D:3)
9 creatures vanquished.

Grand Total: 89 creatures vanquished

Notes
Turn   | Place    | Note
--------------------------------------------------------------
     0 | D:1      | manyhoops the Deep Elf Ice Elementalist began the quest for the Orb.
     0 | D:1      | Reached XP level 1. HP: 10/10 MP: 6/6
     0 | D:1      | Noticed an iron dragon
     1 | D:1      | Noticed a shadow dragon
     3 | D:1      | Noticed an iron dragon
     3 | D:1      | Noticed an ice dragon
     6 | D:1      | Noticed a tentacled monstrosity
     7 | D:1      | Noticed a large abomination
     8 | D:1      | Noticed a large abomination
    14 | D:1      | Noticed an orb of fire
    14 | D:1      | Noticed a large abomination
    16 | D:1      | Noticed a large abomination
    22 | D:1      | Noticed a shadow dragon
    22 | D:1      | Noticed an ice dragon
    25 | D:1      | Noticed a large abomination
    25 | D:1      | Noticed a golden dragon
    27 | D:1      | Noticed an ice dragon
    27 | D:1      | Noticed a tentacled monstrosity
    29 | D:1      | Noticed an ice dragon
   137 | D:1      | Reached XP level 2. HP: 7/15 MP: 3/8
   679 | D:1      | Learned a level 2 spell: Throw Frost
   867 | D:2      | Reached XP level 3. HP: 17/19 MP: 7/10
   872 | D:2      | Learned a level 3 spell: Ozocubu's Armour
   881 | D:2      | Reached skill level 4 in Ice Magic
  1572 | D:2      | Reached XP level 4. HP: 24/24 MP: 2/12
  1578 | D:2      | Learned a level 4 spell: Condensation Shield
  1705 | D:2      | Found a shadowy altar of Dithmenos.
  2007 | D:3      | Noticed Jessica
  2096 | D:3      | Killed Jessica
  2096 | D:3      | Reached skill level 5 in Spellcasting
  2096 | D:3      | Reached XP level 5. HP: 28/28 MP: 1/14
  2150 | D:3      | Found a white marble altar of Elyvilon.
  2398 | D:3      | Found a blossoming altar of Fedhas.
  2408 | D:3      | Noticed an oklob plant
  2711 | D:3      | Found a shimmering altar of Xom.
  3196 | D:3      | Reached skill level 5 in Ice Magic
  3228 | D:3      | Killed from afar by an orc priest

Action                   |  1- 3 |  4- 6 || total
-------------------------+-------+-------++-------
Melee: Unarmed           |    60 |       ||    60
       Spear             |       |    39 ||    39
Throw: Tomahawk          |       |     4 ||     4
 Cast: Freeze            |    55 |    11 ||    66
       Throw Frost       |    14 |    45 ||    59
       Ozocubu's Armour  |       |     1 ||     1
Evoke: Wand              |       |     5 ||     5
  Use: Scroll            |       |     3 ||     3
 Stab: Sleeping          |     2 |       ||     2
  Eat: Chunk             |     2 |     3 ||     5
       Bread ration      |       |     1 ||     1
